 Dungeon Crawl Stone Soup version 0.31-a0-152-g6aa68a64a1 (webtiles) character file.

Game seed: 18323180566892316961

8417 qw the Skirmisher (level 11, -4/99 HPs)
             Began as a Minotaur Hunter on June 8, 2023.
             Was a Priest of Okawaru.
             Slain by a skeletal warrior
             ... wielding a +0 war axe
              (14 damage)
             ... on level 10 of the Dungeon.
             The game lasted 00:02:54 (8655 turns).

qw the Skirmisher (Minotaur Hunter)                 Turns: 8655, Time: 00:02:54

Health: -4/99      AC:  8    Str: 14    XL:     11   Next: 9%
Magic:  12/13      EV: 17    Int:  6    God:    Okawaru [***...]
Gold:   480        SH:  0    Dex: 18    Spells: 10/10 levels left

rFire   + . .        h - +2 arbalest (chaos)
rCold   . . .        (shield currently unavailable)
rNeg    + + .        k - +0 ring mail
rPois   .            (helmet restricted)
rElec   .            j - +0 cloak
rCorr   .            (no gloves)
SInv    +            (no boots)
Will    .....        (no amulet)
Stlth   ++++         a - ring of Nuivvin {Fly rN++ Str-2 SInv Stlth+}
HPRegen 0.36/turn    b - ring of protection from fire
MPRegen 0.13/turn

%: no passive effects
@: about to teleport, heroic, flying
A: horns 2, retaliatory headbutt
a: Renounce Religion, Heroism


You were on level 10 of the Dungeon.
You worshipped Okawaru.
Okawaru was most pleased with you.
You visited 1 branch of the dungeon, and saw 10 of its levels.

You collected 480 gold pieces.


Innate Abilities, Weirdness & Mutations

You have a pair of horns on your head.
You reflexively headbutt those who attack you in melee.


   Skills:
 - Level 10.0(15.0) Fighting
 + Level 14.5(19.5) Ranged Weapons
 - Level 4.1(9.1) Armour
 - Level 6.0(11.0) Dodging
 - Level 0.7(5.7) Stealth
 - Level 5.1 Invocations


You had 10 spell levels left.
You didn't know any spells.
Your spell library was empty.

Inventory:

Hand Weapons
 h - a +2 arbalest of chaos (weapon)
Armour
 j - a +0 cloak (worn)
 k - a +0 ring mail (worn)
Jewellery
 a - the ring of Nuivvin (left hand) {Fly rN++ Str-2 SInv Stlth+}
   (You acquired it on level 3 of the Dungeon)

   [ring of flight]

   Str:       It affects your strength (-2).
   rN:        It greatly protects you from negative energy.
   SInv:      It lets you see invisible.
   Fly:       It grants you flight.
   Stlth:     It makes you more stealthy.
 b - a ring of protection from fire (right hand)
 i - a ring of see invisible
 Y - a +6 ring of strength
Scrolls
 d - 4 scrolls of identify
 n - a scroll of enchant armour {unknown}
 o - a scroll of blinking {unknown}
Potions
 c - a potion of cancellation
 e - 2 potions of haste
 g - 2 potions of curing
 l - a potion of ambrosia {unknown}
 m - 3 potions of heal wounds

Dungeon Overview and Level Annotations

Branches:
Dungeon (10/15)            Temple (0/1) D:6
   Lair: D:8-11         Orc: D:9-12

Altars:
Ashenzari
Cheibriados
Elyvilon
Gozag
Hepliaklqana
Kikubaaqudgha
Okawaru
Ru
Sif Muna
Trog
Uskayaw
Xom
Zin

Shops:
D:3 (   D:9 **

Annotations:
D:9 1 runed translucent door, qw's ghost, novice MiHu


Message History

The skeletal warrior is lightly damaged.
You shoot a bolt. The bolt hits the skeletal warrior!!
The skeletal warrior resists with almost no effort.
The skeletal warrior is heavily damaged.
A skeletal warrior comes into view. It is wielding a +0 war axe.
You shoot a bolt. The bolt hits the skeletal warrior!
The skeletal warrior appears confused.
The skeletal warrior is severely damaged.
The skeletal warrior hits you with a +0 long sword!
You shoot a bolt.
The bolt hits the skeletal warrior but does no damage.
The skeletal warrior is severely damaged.
The skeletal warrior hits you with a +0 long sword!
The skeletal warrior hits itself with a +0 long sword!!
The skeletal warrior is destroyed!
Okawaru is honoured by your kill.
The skeletal warrior hits you with a +0 flail!!
You shoot a bolt. The bolt hits the skeletal warrior.
The skeletal warrior suddenly seems more resistant.
The skeletal warrior is lightly damaged.
The skeletal warrior barely misses you.
The skeletal warrior completely misses you.
You furiously retaliate!
You headbutt the skeletal warrior. You shoot a bolt.
The bolt hits the skeletal warrior!!
The skeletal warrior convulses.
The skeletal warrior is heavily damaged.
The skeletal warrior hits you with a +0 war axe!!
The skeletal warrior completely misses you.
You furiously retaliate!
You headbutt the skeletal warrior! You shoot a bolt.
The bolt closely misses the skeletal warrior.
The bolt hits the skeletal warrior!!
The skeletal warrior is heavily damaged.
The skeletal warrior barely misses you.
The skeletal warrior hits you with a +0 flail!!
8655 ||| READING scroll of teleportation.
As you read the scroll of teleportation, it crumbles to dust.
You feel strangely unstable.
The skeletal warrior hits you with a +0 war axe!
You die...

.........# #
.........# #
.........# ########
.........#######.
........
.................
........
.................
........
............(....
########
.........zzz..... #
.........@z...... #
.........####.... #
........)#..# . #
............#.....#
#
.........._.#..[..#
#
.?..........#.....#
#
.........#..#.....#
#
.........####.....#
#
..................#
#


You could see 4 skeletal warriors.

Vanquished Creatures
  2 two-headed ogres
  2 skeletal warriors (D:10)
  Maurice (D:10)
  A troll (D:9)
  A shadow (D:9)
  A wraith (D:10)
  Eustachio (D:5)
  5 yaks (D:9)
  2 steam dragons (D:9)
  5 water moccasins
  3 orc warriors
  A sky beast (D:7)
  A black bear (D:7)
  2 ogres
  6 centaurs
  A kobold brigand (D:9)
  A phantom (D:6)
  3 bullfrogs
  A gnoll sergeant (D:8)
  2 scorpions (D:5)
  8 wights
  4 killer bees (D:9)
  7 howler monkeys
  3 jellies
  6 hounds
  2 gnoll boudas
  4 orc priests
  4 iguanas
  2 sleepcaps
  Terence (D:3)
  8 orc wizards
  13 gnolls
  10 adders
  2 ufetubi
  A worm (D:5)
  5 dart slugs
  23 orcs
  6 bats
  8 endoplasms
  3 giant cockroaches
  3 goblins
  9 hobgoblins
  4 jackals (D:1)
  6 kobolds
  6 quokkas
  11 ball pythons
  6 frilled lizards
  2 rats
209 creatures vanquished.

Notes
Turn   | Place    | Note
-------+----------+-------------------------------------------
     0 | D:1      | qw the Minotaur Hunter began the quest for the Orb.
     0 | D:1      | Reached XP level 1. HP: 18/18 MP: 0/0
     0 | D:1      | 0 ||| qw: Version: 0.2-a-120-gdf1a93b
     0 | D:1      | 0 ||| qw: Game counter: 3149
     0 | D:1      | 0 ||| qw: Always use a shield: true
     0 | D:1      | 0 ||| qw: God list: Okawaru
     0 | D:1      | 0 ||| qw: Allow faded altars: false
     0 | D:1      | 0 ||| qw: Do Orc after D:15 true
     0 | D:1      | 0 ||| qw: Do second Lair branch before Depths: true
     0 | D:1      | 0 ||| qw: Lair rune preference: random
     0 | D:1      | 0 ||| qw: Plans: Normal
     0 | D:1      | 0 ||| PLANNING D:1-11
   363 | D:1      | Reached XP level 2. HP: 25/25 MP: 1/1
   374 | D:1      | Reached skill level 5 in Ranged Weapons
   470 | D:1      | Reached skill level 3 in Fighting
   817 | D:1      | Found a faded altar of an unknown god.
   829 | D:1      | Reached XP level 3. HP: 31/31 MP: 2/2
   899 | D:1      | 899 ||| UPGRADING to ring of see invisible.
   900 | D:1      | 900 ||| READING scroll labelled WAAJATIAJE.
   901 | D:1      | 901 ||| DROPPING scroll of butterflies.
  1061 | D:2      | HP: 7/31 [hound (3)]
  1065 | D:2      | Reached skill level 6 in Ranged Weapons
  1065 | D:2      | Reached XP level 4. HP: 7/38 MP: 3/3
  1677 | D:2      | 1677 ||| READING scroll labelled JODAKHL NO SEO.
  1678 | D:2      | 1678 ||| READING scroll labelled IMMOAL SAOFFA.
  1679 | D:2      | 1679 ||| READING scroll labelled OBONET JUAMOL.
  1680 | D:2      | 1680 ||| READING scroll labelled TOHETA MEDIW.
  1769 | D:3      | Noticed Terence
  1778 | D:3      | Killed Terence
  1779 | D:3      | Reached XP level 5. HP: 28/47 MP: 4/4
  1934 | D:3      | Found a white marble altar of Elyvilon.
  2022 | D:3      | Found Lomm's Antique Weapon Shop.
  2071 | D:3      | 2071 ||| SWAPPING to +0 arbalest.
  2072 | D:3      | 2072 ||| DROPPING +1 shortbow.
  2491 | D:3      | 2491 ||| UPGRADING to +0 cloak.
  2496 | D:3      | 2496 ||| UPGRADING to +6 ring of strength.
  2497 | D:3      | 2497 ||| READING scroll labelled VED IBLY QAEW.
  2498 | D:3      | 2498 ||| READING scroll labelled ONITZU QOLATAR.
  2499 | D:3      | 2499 ||| READING scroll labelled KETHAGHORO.
  2499 | D:3      | Identified a scroll of acquirement
  2499 | D:3      | 2499 ||| ACQUIRING ring of Nuivvin {Fly rN++ Str-2 SInv
                  | Stlth+}
  2499 | D:3      | Acquired the ring of Nuivvin {Fly rN++ Str-2 SInv Stlth+}
  2501 | D:3      | 2501 ||| UPGRADING to ring of Nuivvin {Fly rN++ Str-2 SInv
                  | Stlth+}.
  2503 | D:3      | 2503 ||| READING 2 scrolls labelled NITOOH EPHEI.
  2507 | D:3      | 2507 ||| READING scroll labelled TIHENY BYMA.
  2508 | D:3      | 2508 ||| DRINKING 2 fizzy blue potions.
  2596 | D:4      | Reached skill level 1 in Armour
  2670 | D:4      | Reached skill level 7 in Ranged Weapons
  2730 | D:4      | Identified the +5 long sword of Okawaru's Generosity
                  | {flame, rF- rC++}
  2742 | D:4      | Reached XP level 6. HP: 53/53 MP: 5/5
  2833 | D:4      | Found a glowing silver altar of Zin.
  2884 | D:4      | 2884 ||| READING scroll of enchant weapon.
  2884 | D:4      | 2884 ||| ENCHANTING +0 arbalest.
  3159 | D:5      | Entered Level 5 of the Dungeon
  3265 | D:5      | 3265 ||| READING scroll of enchant weapon.
  3265 | D:5      | 3265 ||| ENCHANTING +1 arbalest.
  3295 | D:5      | Reached skill level 8 in Ranged Weapons
  3376 | D:5      | Reached skill level 3 in Dodging
  3387 | D:5      | Reached XP level 7. HP: 60/60 MP: 6/6
  3499 | D:5      | Noticed Eustachio
  3503 | D:5      | Killed Eustachio
  3520 | D:5      | Reached skill level 9 in Ranged Weapons
  3745 | D:5      | Reached skill level 6 in Fighting
  3745 | D:5      | Reached XP level 8. HP: 70/70 MP: 7/7
  3745 | D:5      | Found an iron altar of Okawaru.
  3746 | D:5      | 3746 ||| PLANNING OKAWARU WORSHIP
  3746 | D:5      | 3746 ||| UPGRADING to +0 ring mail.
  3756 | D:5      | 3756 ||| DROPPING +0 leather armour.
  3757 | D:5      | 3757 ||| READING scroll labelled TUQOIM IGGUILE.
  3762 | D:5      | Became a worshipper of Warmaster Okawaru
  3762 | D:5      | 3762 ||| PLANNING D:1-11
  3791 | D:5      | Found a hazy altar of Hepliaklqana.
  4093 | D:6      | 4093 ||| PLANNING OSSUARY
  4100 | D:6      | Found a staircase to the Ecumenical Temple.
  4289 | D:6      | Reached skill level 10 in Ranged Weapons
  4493 | D:6      | Reached * piety under Okawaru
  4494 | D:6      | 4494 ||| INVOKING Heroism.
  4709 | D:6      | 4709 ||| RIP OSSUARY
  4831 | D:6      | 4831 ||| PLANNING D:1-11
  5083 | D:6      | 5083 ||| READING scroll labelled SYESCH KEOVOUSCH.
  5084 | D:6      | 5084 ||| DRINKING 2 smoky blue potions.
  5085 | D:6      | 5085 ||| DRINKING 3 dark potions.
  5086 | D:6      | 5086 ||| READING 2 scrolls of identify.
  5086 | D:6      | 5086 ||| IDENTIFYING metallic golden potion
  5087 | D:6      | 5087 ||| DROPPING 2 potions of degeneration.
  5136 | D:7      | Reached skill level 11 in Ranged Weapons
  5159 | D:7      | Reached skill level 3 in Armour
  5175 | D:7      | Found a shimmering blue altar of Sif Muna.
  5255 | D:7      | Reached XP level 9. HP: 28/79 MP: 8/8
  5511 | D:7      | Identified the +6 spear of Day {drain, rC+ Str+3 Int+2}
  5556 | D:7      | 5556 ||| Stepping ~*~*~tactically~*~*~ (outnumbered).
  5559 | D:7      | 5559 ||| INVOKING Heroism.
  5560 | D:7      | 5560 ||| Stepping ~*~*~tactically~*~*~ (outnumbered).
  5569 | D:7      | Reached skill level 1 in Invocations
  5744 | D:7      | Found a broken altar of Ashenzari.
  5844 | D:7      | 5844 ||| Stepping ~*~*~tactically~*~*~ (outnumbered).
  5846 | D:7      | 5846 ||| Stepping ~*~*~tactically~*~*~ (outnumbered).
  5848 | D:7      | 5848 ||| Stepping ~*~*~tactically~*~*~ (outnumbered).
  5853 | D:7      | 5853 ||| INVOKING Heroism.
  6099 | D:7      | 6099 ||| DROPPING ring of flight.
  6100 | D:7      | 6100 ||| READING 3 scrolls of identify.
  6100 | D:7      | 6100 ||| IDENTIFYING golden potion
  6101 | D:7      | 6101 ||| READING 2 scrolls of identify.
  6101 | D:7      | 6101 ||| IDENTIFYING fuming green potion
  6102 | D:7      | 6102 ||| DROPPING potion of attraction.
  6103 | D:7      | 6103 ||| DROPPING potion of enlightenment.
  6134 | D:8      | 6134 ||| Stepping ~*~*~tactically~*~*~ (outnumbered).
  6137 | D:8      | 6137 ||| INVOKING Heroism.
  6279 | D:8      | Reached skill level 3 in Invocations
  6301 | D:8      | Reached skill level 12 in Ranged Weapons
  6390 | D:8      | Found an ancient bone altar of Kikubaaqudgha.
  6527 | D:8      | Noticed a two-headed ogre
  6528 | D:8      | 6528 ||| INVOKING Heroism.
  6530 | D:8      | Killed a two-headed ogre
  6568 | D:8      | 6568 ||| INVOKING Heroism.
  6594 | D:8      | Found a bloodstained altar of Trog.
  6642 | D:8      | Found a shimmering altar of Xom.
  6777 | D:8      | 6777 ||| UPGRADING to ring of protection from fire.
  6790 | D:9      | 6790 ||| INVOKING Heroism.
  6956 | D:9      | Noticed a troll
  6957 | D:9      | 6957 ||| INVOKING Heroism.
  6960 | D:9      | Killed a troll
  6961 | D:9      | Reached XP level 10. HP: 88/88 MP: 9/12
  7008 | D:9      | Found a runed translucent door.
  7008 | D:9      | Noticed qw's ghost (novice MiHu)
  7009 | D:9      | Found a shimmering altar of Xom.
  7009 | D:9      | Noticed a +0 long sword of chaos
  7028 | D:9      | 7028 ||| INVOKING Heroism.
  7030 | D:9      | 7030 ||| Stepping ~*~*~tactically~*~*~ (outnumbered).
  7140 | D:9      | Found a snail-covered altar of Cheibriados.
  7163 | D:9      | Noticed a two-headed ogre
  7164 | D:9      | 7164 ||| INVOKING Heroism.
  7168 | D:9      | Killed a two-headed ogre
  7168 | D:9      | Reached ** piety under Okawaru
  7169 | D:9      | Reached skill level 13 in Ranged Weapons
  7461 | D:9      | 7461 ||| INVOKING Heroism.
  7467 | D:9      | HP: 17/90 [yak (11)]
  7468 | D:9      | 7468 ||| READING 2 scrolls of teleportation.
  7469 | D:9      | 7469 ||| DRINKING 4 potions of heal wounds.
  7656 | D:9      | Found Qulady's General Store.
  7684 | D:9      | Reached skill level 9 in Fighting
  7772 | D:9      | Reached *** piety under Okawaru
  7870 | D:9      | Reached skill level 14 in Ranged Weapons
  7873 | D:9      | Found an opulent altar of Gozag.
  7876 | D:9      | Found Gozag's Platinum Reserve.
  7884 | D:9      | 7884 ||| SHOPLISTING +0 leather armour "Loijex" {rF+ rC+
                  | Dex+3} (2930 gold, have 401).
  7884 | D:9      | 7884 ||| SHOPLISTING +4 ring mail "Cuotulum" {rN+++ Will-
                  | Dex-4 SInv} (4360 gold, have 401).
  7884 | D:9      | 7884 ||| SHOPLISTING ring of Vungahun {rF+ rN+ Int+6} (5420
                  | gold, have 401).
  7901 | D:9      | Reached skill level 6 in Dodging
  7904 | D:9      | 7904 ||| INVOKING Heroism.
  7979 | D:9      | 7979 ||| DRINKING 3 coppery potions.
  8005 | D:10     | Entered Level 10 of the Dungeon
  8025 | D:10     | Noticed Maurice
  8027 | D:10     | 8027 ||| FLEEEEING.
  8047 | D:10     | Killed Maurice
  8376 | D:10     | Found a sacrificial altar of Ru.
  8445 | D:10     | 8445 ||| INVOKING Heroism.
  8467 | D:10     | Found a hide-covered altar of Uskayaw.
  8472 | D:10     | Noticed a skeletal warrior
  8474 | D:10     | 8474 ||| INVOKING Heroism.
  8483 | D:10     | Killed a skeletal warrior
  8484 | D:10     | Reached XP level 11. HP: 44/99 MP: 11/13
  8642 | D:10     | Noticed a skeletal warrior
  8642 | D:10     | Noticed a skeletal warrior
  8643 | D:10     | 8643 ||| INVOKING Heroism.
  8644 | D:10     | Noticed a skeletal warrior
  8649 | D:10     | Noticed a skeletal warrior
  8651 | D:10     | Killed a skeletal warrior
  8654 | D:10     | HP: 10/99 [skeletal warrior/+0 flail (25)]
  8655 | D:10     | 8655 ||| READING scroll of teleportation.
  8655 | D:10     | Slain by a skeletal warrior

Levels and vault maps discovered:
D:1:      lemuel_arrival_broad_hall, layout_loops_corners,
          shapermc_ecumenical_altar_mp_highgroup
D:2:      layout_loops_ring, st_stairs_4, minmay_worlds_worst_comb
D:3:      minmay_recursive_quarters, layout_basic,
          lemuel_coloured_pillars_altar, serial_shops, shop, uniq_terence
D:4:      layout_basic, mainiacjoe_overflow_small_starburst
D:5:      layout_loops_ring, okawaru_gym_becter, lemuel_doored_altar,
          uniq_eustachio
D:6:      minmay_spotlight, layout_cave_pools, minmay_temple_entry_ruins,
          nicolae_ossuary_entry_plus, serial_co_window_serial,
          co_window_paths_b, co_window_corner_a, co_window_corner_a,
          co_window_corner_a, co_window_paths_a, co_window_paths_a,
          co_window_paths_a, co_window_of_opportunity_b, co_window_broadway_c,
          co_window_cross_2, glass_columns_c, glass_columns_a
D:7:      layout_cave_pools, mainiacjoe_overflow_concentric_impassable,
          nicolae_ashenzari_panopticon
D:8:      layout_cave_pools, mainiacjoe_overflow_six_doors_small,
          mainiacjoe_overflow_24_doors, lemuel_round_altar
D:9:      layout_basic, nicolae_gozag_zags_fifth_avenue,
          nicolae_overflow_crystal_walls, serial_shops,
          nicolae_shop_real_fake_doors, ebering_ghost_xom, grunt_ministairs_4,
          minmay_fractal_squares_gapless_5
D:10:     layout_long_grid, grunt_qazlal_clouds, mainiacjoe_overflow_alcove_1,
          nicolae_overflow_hidden_temple, uniq_maurice

Skill      XL: |  1  2  3  4  5  6  7  8  9 10 |
---------------+-------------------------------+-----
Ranged Weapons | 5 6 7 8 9 11 12 14 | 14.5
Fighting       | 3 4 6 7 8 10 | 10.0
Armour         | 1 3 4 |  4.1
Dodging        | 3 4 5 6 |  6.0
Invocations    | 5 |  5.1
Stealth        | |  0.7

Action                     |  1- 3 |  4- 6 |  7- 9 | 10-12 || total
---------------------------+-------+-------+-------+-------++-------
   Fire: Shortbow          |   107 |    68 |       |       ||   175
         Arbalest          |       |    67 |   193 |   127 ||   387
 Invoke: Heroism           |       |       |     8 |     7 ||    15
    Use: Scroll            |     1 |    11 |     5 |     2 ||    19
         Potion            |       |     1 |     2 |     2 ||     5
 Armour: Leather armour    |    18 |     9 |     3 |       ||    30
         Ring mail         |       |       |    27 |    10 ||    37
  Dodge: Dodged            |    38 |    28 |    87 |    50 ||   203

Table legend:
 A = Non-vault XP
 B = Vault XP
 C = Vault XP percentage of total XP
 D = Non-vault monster count
 E = Vault monster count
 F = Vault count percentage of total count
                 A         B        C        D         E       F
            +---------+---------+-------+---------+---------+-------
      Total |    9901 |    2124 |  17.7 |     170 |      39 |  18.7
            +---------+---------+-------+---------+---------+-------
        D:1 |      41 |       0 |   0.0 |      24 |       0 |   0.0
        D:2 |     112 |       7 |   5.9 |      20 |       4 |  16.7
        D:3 |      31 |      55 |  64.0 |       9 |      11 |  55.0
        D:4 |     197 |       0 |   0.0 |      18 |       0 |   0.0
        D:5 |     906 |     214 |  19.1 |      21 |       1 |   4.5
        D:6 |     529 |     277 |  34.4 |      11 |       7 |  38.9
        D:7 |    1006 |       0 |   0.0 |      15 |       0 |   0.0
        D:8 |    1829 |       0 |   0.0 |      23 |       0 |   0.0
        D:9 |    3353 |    1075 |  24.3 |      23 |      15 |  39.5
       D:10 |    1897 |     496 |  20.7 |       6 |       1 |  14.3
            +---------+---------+-------+---------+---------+-------
